 Dungeon Crawl Stone Soup version 0.19-a0-1886-gd64a0f0 (webtiles) character file.

77 Morenatsu the Chopper (level 4, 0/39 HPs)
             Began as a Hill Orc Monk on Oct 16, 2016.
             Slain by Sigmund
             ... wielding a +0 scythe
              (9 damage)
             ... on level 2 of the Dungeon.
             The game lasted 00:03:42 (2158 turns).

Morenatsu the Chopper (Hill Orc Monk)               Turns: 2158, Time: 00:03:43

Health: 0/39       AC: 10    Str: 14    XL:     4   Next: 33%
Magic:  4/4        EV:  4    Int: 10    God:
Gold:   68         SH:  0    Dex: 13    Spells: 0 memorised, 3 levels left

rFire  . . .     SeeInvis .     n - +0 hand axe
rCold  . . .     Gourm    +     j - +0 plate armour
rNeg   . . .     Faith    .     (no shield)
rPois  .         Spirit   .     (no helmet)
rElec  .         Dismiss  .     (no cloak)
rCorr  .         Reflect  .     (no gloves)
MR     .....     Harm     .     (no boots)
Stlth  ..........               l - amulet of the gourmand
                                (no ring)
                                (no ring)

@: confused
A: no striking features
a: no special abilities


You were on level 2 of the Dungeon.
You were not hungry.

You visited 1 branch of the dungeon, and saw 2 of its levels.

You collected 68 gold pieces.

Inventory:

Hand Weapons
 a - a +0 hand axe
 n - a +0 hand axe (weapon)
Armour
 b - a +0 robe
 e - a +0 leather armour
 f - a +0 ring mail
 j - a +0 plate armour (worn)
 o - a +2 ring mail of fire resistance
Jewellery
 l - an amulet of the gourmand (around neck)
 s - an uncursed amulet of magic regeneration {unknown}
Wands
 q - a wand of flame (18/48)
Scrolls
 d - 2 scrolls of remove curse {unknown}
 h - 3 scrolls of identify
 i - a scroll of amnesia {unknown}
Potions
 g - a potion of curing {unknown}
 m - a potion of flight {unknown}
Comestibles
 c - 2 bread rations
 k - a meat ration
 p - a royal jelly


   Skills:
 - Level 3.6 Fighting
 + Level 6.6 Axes
 - Level 2.4 Dodging
 - Level 1.5 Stealth


You had 3 spell levels left.
You didn't know any spells.

Dungeon Overview and Level Annotations

Branches:
Dungeon (2/15)

Altars:

Annotations:
D:2 Sigmund


Message History

You hit Sigmund.
Sigmund is lightly wounded.
You closely miss the bat. The bat hits you but does no damage.
Sigmund hits you with a scythe!
You're too confused to move!
You feel less confused. The bat hits you but does no damage.
Sigmund's eyes start glowing with a red light.
Sigmund gestures wildly while chanting.
Sigmund flickers and vanishes!
The bat hits you but does no damage. Something hits you!
* * * LOW HITPOINT WARNING * * *
You hit something but do no damage. You miss the bat.
The bat hits you but does no damage.
You closely miss something. The bat hits you but does no damage.
You hear some strange, mumbled words.
You are confused.
You completely miss something. The bat hits you but does no damage.
Something hits you!
You die...

#####...#####...##.......
....#....<.[.[###.........
###.##.....#####..........
#####..###...........
##.##......%.....
#.#..(..........
#.#......######.
#.#......######...
#.'..b@..######...
#.'...{..######.....
###......######.....
#......######.....
#....?............ ###.#
##................ ....#
##..............# ####
##............# #####
##..........#


You could see a bat.

Vanquished Creatures
  Terence (D:2)
  An adder (D:2)
  2 oozes
  A worm (D:2)
  A dart slug (D:2)
  2 leopard geckos (D:2)
  2 goblins (D:1)
  5 hobgoblins
  A ball python (D:2)
  4 bats (D:1)
  A frilled lizard (D:2)
  3 kobolds (D:1)
  6 rats
30 creatures vanquished.

Notes
Turn   | Place    | Note
-------+----------+-------------------------------------------
     0 | D:1      | Morenatsu the Hill Orc Monk began the quest for the Orb.
     0 | D:1      | Reached XP level 1. HP: 19/19 MP: 1/1
   176 | D:1      | Reached XP level 2. HP: 10/26 MP: 2/2
   803 | D:1      | Reached skill level 5 in Axes
  1074 | D:2      | Noticed Terence
  1105 | D:2      | Killed Terence
  1105 | D:2      | Reached XP level 3. HP: 4/31 MP: 3/3
  1401 | D:2      | Reached skill level 6 in Axes
  1429 | D:2      | Reached XP level 4. HP: 12/39 MP: 4/4
  1858 | D:2      | Noticed Sigmund
  2158 | D:2      | Slain by Sigmund

Vault maps used:
D:1:      mrwooster_arrival_statue_2, grunt_decor_mini_mirrors,
          roderic_lattice_a, serial_bayou_lake_a
D:2:      minmay_diamond_boxcup, first_bread, ecumenical_altar_2,
          kennysheep_big_empty_room, uniq_sigmund, uniq_crazy_yiuf_cottage,
          uniq_terence

Skill      XL: |  1  2  3 |
---------------+----------+-----
Axes           | 5 6 |  6.6
Fighting       | |  3.6
Dodging        | |  2.4
Stealth        | |  1.5

Action                   |  1- 3 |  4- 6 || total
-------------------------+-------+-------++-------
Melee: Hand axe          |    87 |    58 ||   145
  Use: Scroll            |     1 |       ||     1
 Stab: Sleeping          |     1 |       ||     1
  Eat: Chunk             |     2 |     5 ||     7
Armor: Leather armour    |     3 |       ||     3
       Plate armour      |    37 |    62 ||    99
       Ring mail         |     7 |       ||     7
Dodge: Dodged            |    30 |    15 ||    45
